 Dungeon Crawl Stone Soup version 0.21.1-1-g345015fe64 (webtiles) character file.

153 Faustar the Cudgeler (level 5, -1/31 HPs)
             Began as a Gargoyle Gladiator on Feb 7, 2018.
             Slain by a mummy (8 damage)
             ... in an ossuary.
             The game lasted 00:04:26 (2303 turns).

Faustar the Cudgeler (Gargoyle Gladiator)           Turns: 2303, Time: 00:04:27

Health: -1/31      AC:  8    Str: 17 (19) XL:     5   Next: 35%
Magic:  5/5        EV: 12    Int:  5 (8)  God:
Gold:   73         SH:  0    Dex:  8 (11) Spells: 4/4 levels left

rFire    . . .     SeeInvis .   a - +0 flail
rCold    . . .     Gourm    .   (no shield)
rNeg     + . .     Faith    .   b - +0 leather armour
rPois    ∞         Spirit   .   c - +0 helmet
rElec    +         Reflect  .   (no cloak)
rCorr    .         Harm     .   (no gloves)
MR       .....                  (no boots)
Stlth    +.........             (no amulet)
HPRegen  0.10/turn              (no ring)
MPRegen  0.09/turn              (no ring)

@: no status effects
A: negative energy resistance 1, electricity resistance, unbreathing,
petrification resistance, rot immunity, AC +4
a: no special abilities


You were in an ossuary.
You were not hungry.

You visited 1 branch of the dungeon, and saw 4 of its levels.
You also visited: Ossuary.

You collected 73 gold pieces.

Inventory:

Hand Weapons
 a - a +0 flail (weapon)
Missiles
 d - 3 throwing nets (quivered)
Armour
 b - a +0 leather armour (worn)
 c - a +0 helmet (worn)
Scrolls
 e - a scroll of enchant armour {unknown}
 g - 4 scrolls of identify {unknown}
 i - 2 scrolls of immolation {unknown}
 j - 2 scrolls of teleportation {unknown}
 l - a scroll of magic mapping {unknown}
 m - a scroll of fog {unknown}
 n - 3 scrolls of amnesia {unknown}
 r - a scroll of random uselessness {unknown}
 s - a scroll of holy word {unknown}
Potions
 h - a potion of curing
 k - 6 potions of degeneration
 o - 2 potions of magic
 p - a potion of flight {unknown}
 q - 2 potions of lignification {unknown}
Comestibles
 f - 3 rations


   Skills:
 + Level 2.5 Fighting
 - Level 5.7 Maces & Flails
 - Level 1.7 Throwing
 - Level 2.4 Dodging


You had 4 spell levels left.
You didn't know any spells.

Dungeon Overview and Level Annotations

Branches:
Dungeon (4/15)
 Temple: D:4-7

Altars:


Innate Abilities, Weirdness & Mutations

You are resistant to torment.
Your stone body is resilient. (AC +4)
You are immune to poison.
You resist negative energy. (rN+)
You are resistant to electric shocks. (rElec)
You can survive without breathing.
You are immune to petrification.
You are immune to rotting.


Message History

The mummy barely misses you.
A mummy opens the door.
A goblin zombie comes into view.
Okay, then.
It was a potion of degeneration.
There was something very wrong with that liquid.
You feel weakened.
You feel dopey.
You feel clumsy.
It was a potion of curing.
You feel better. The mummy hits you!
* * * LOW HITPOINT WARNING * * *
You hit the mummy but do no damage. The mummy hits you but does no damage.
It was a potion of magic.
Magic courses through your body.
You hit the mummy.
The mummy is moderately damaged.
The mummy hits you.
* * * LOW HITPOINT WARNING * * *
You hit the mummy but do no damage.
The mummy is moderately damaged.
You hit the mummy but do no damage.
The mummy is moderately damaged.
The mummy hits you!
You die...

##### #...# #...#
##@## ###+### #M#
##.....## ##MZ.#
##.......###..###
#.........#...+
+....⌠....'...#
#.........#...+
#.......###^.#
##.....## ##.+


You could see 2 mummies and a goblin zombie.

Vanquished Creatures
  A hound (D:2)
  A mummy (Ossuary)
  2 adders (D:2)
  2 gnolls (D:3)
  2 worms (D:2)
  2 dart slugs
  2 leopard geckos (D:2)
  A giant cockroach (D:2)
  6 goblins
  12 hobgoblins
  10 jackals
  3 bats
  4 frilled lizards
  3 kobolds
  A leopard gecko skeleton (D:4)
  6 rats
58 creatures vanquished.

Notes
Turn   | Place    | Note
-------+----------+-------------------------------------------
     0 | D:1      | Faustar the Gargoyle Gladiator began the quest for the Orb.
     0 | D:1      | Reached XP level 1. HP: 12/12 MP: 1/1
   211 | D:1      | Reached XP level 2. HP: 12/17 MP: 2/2
   458 | D:1      | Reached skill level 4 in Maces & Flails
   508 | D:1      | Reached XP level 3. HP: 21/21 MP: 3/3
  1178 | D:2      | Reached skill level 5 in Maces & Flails
  1178 | D:2      | Reached XP level 4. HP: 12/26 MP: 4/4
  1951 | D:3      | Reached XP level 5. HP: 24/30 MP: 5/5
  2102 | D:3      | Noticed an ogre
  2221 | D:4      | Found a sand-covered staircase.
  2231 | Ossuary  | Entered an ossuary
  2303 | Ossuary  | Slain by a mummy

Skill      XL: |  1  2  3 |
---------------+----------+-----
Maces & Flails | 4 5 |  5.7
Fighting       | |  2.5
Throwing       | |  1.7
Dodging        | |  2.4

Action                   |  1- 3 |  4- 6 || total
-------------------------+-------+-------++-------
Melee: Flail             |   123 |   120 ||   243
  Use: Potion            |       |     3 ||     3
  Eat: Chunk             |     1 |     4 ||     5
Armor: Leather armour    |    53 |    49 ||   102
Dodge: Dodged            |   101 |    83 ||   184
